 Dungeon Crawl Stone Soup version 0.27.1-4-g1640c2035a (webtiles) character file.

Game seed: 3495888698403914974

65 zeram the Sneak (level 4, -1/27 HPs)
             Began as an Octopode Enchanter on Nov 13, 2021.
             Slain by a phantom (2 damage)
             ... on level 3 of the Dungeon.
             The game lasted 00:03:15 (1940 turns).

zeram the Sneak (Octopode Enchanter)                Turns: 1940, Time: 00:03:15

Health: -1/27      AC:  8    Str:  7    XL:     4   Next: 14%
Magic:  7/7        EV: 13    Int: 24    God:
Gold:   101        SH:  0    Dex: 12    Spells: 4/7 levels left

rFire    . . .     SeeInvis .   f - +1 dagger (protect)
rCold    . . .     Faith    .   (no shield)
rNeg     . . .     Spirit   .   (helmet restricted)
rPois    .         Reflect  .   (no amulet)
rElec    .         Harm     .   c - +6 ring of intelligence
rCorr    .         Rampage  .   (no ring)
Will     .....                  (no ring)
Stlth    ++++......             (no ring)
HPRegen  0.09/turn              (no ring)
MPRegen  0.10/turn              (no ring)
                                (no ring)
                                (no ring)

@: under a protective aura, flying
A: almost no armour, amphibious, 8 rings, camouflage 1, gelatinous body 1,
(nimble swimmer 1), tentacles
a: no special abilities


You were on level 3 of the Dungeon.
You visited 1 branch of the dungeon, and saw 3 of its levels.

You collected 101 gold pieces.

Inventory:

Hand Weapons
 a - a +1 dagger
 f - a +1 dagger of protection (weapon)
Jewellery
 c - a +6 ring of intelligence (left tentacle)
 e - a ring of poison resistance


   Skills:
 - Level 1.0 Short Blades
 - Level 2.0 Dodging
 + Level 6.9 Stealth
 - Level 2.0 Spellcasting
 - Level 3.0 Hexes


You had 4 spell levels left.
You knew the following spells:

 Your Spells              Type           Power      Damage    Failure   Level
a - Corona                Hex            17%        N/A       3%          1
b - Ensorcelled Hibernat  Hex/Ice        18%        N/A       10%         2

Your spell library contained the following spells:

 Spells                   Type           Power      Damage    Failure   Level
 Confusing Touch          Hex            16%        N/A       11%         3
 Tukima's Dance           Hex            16%        N/A       11%         3
 Dazzling Flash           Conj/Hex       18%        N/A       19%         3
 Iskenderun's Battlesphe  Conj           2%         2d6       97%         5
 Iron Shot                Conj/Erth      1%         9d1       100%        6
 Spellforged Servitor     Conj/Summ      1%         N/A       100%        7


Dungeon Overview and Level Annotations

Branches:
Dungeon (3/15)

Altars:
Ashenzari

Shops:
D:2 [


Innate Abilities, Weirdness & Mutations

You cannot wear most types of armour.
You are amphibious.
You can wear up to eight rings at the same time.
Your skin changes colour to match your surroundings (Stealth+).
Your rubbery body absorbs attacks. (AC +1, EV +1)
((You are camouflaged near water. (Stealth+)))
You have tentacles for arms and can constrict up to eight enemies at once.


Message History

You are too injured to fight recklessly!
Unknown command.
You are too injured to fight recklessly!
You completely miss the phantom.
The phantom is moderately damaged.
The phantom hits you.
The phantom blinks!
You blink.
An orc comes into view. It is wielding a +0 hand axe.
You see here 7 gold pieces.
The helpless orc fails to defend itself.
You impale the orc!!
Your weapon exudes an aura of protection.
You kill the orc!
The phantom hits you.
* * * LOW HITPOINT WARNING * * *
The phantom blinks!
You blink.
You miss the phantom.
The phantom is moderately damaged.
The phantom hits you but does no damage.
Unknown command.
You aren't carrying any scrolls.
It was a potion of magic.
Magic courses through your body. The phantom misses you.
It was a potion of flight.
You feel very buoyant.
You fly up into the air.
The phantom closely misses you.
You hit the phantom.
The phantom is moderately damaged.
The bat hits you but does no damage. The phantom barely misses you.
You hit the phantom but do no damage.
The phantom is moderately damaged.
The bat closely misses you. The phantom hits you.
* * * LOW HITPOINT WARNING * * *
The phantom blinks!
You blink.
You hit the phantom but do no damage.
The phantom is moderately damaged.
The phantom misses you.
You hit the phantom but do no damage. You squeeze the phantom.
The phantom is heavily damaged.
The bat closely misses you. The phantom hits you.
You die...

......)####..##
#......$.....#
###.##.....#.####
#####...#....#....
#....^...#..#..#
#.##.....###...## #........
# #.##....###.....# #.......
#.##.##...#..#..W..# #...?..
#........#..ยง.#.@..###.....
####.###.#.....##..# .....
#.# #...........# #... #.#
####.######.# #..# #.# #.#
.# #.<# #.# #.## .# #..#
####.# #..# # #..# #.##.##
##.# #..# ......# #.# #..#


You could see a phantom.

Vanquished Creatures
  2 adders (D:2)
  2 dart slugs (D:1)
  An orc (D:3)
  A ball python (D:1)
  6 endoplasms
  A giant cockroach (D:1)
  4 goblins
  3 hobgoblins (D:1)
  7 kobolds
  A quokka (D:1)
  6 bats
  A frilled lizard (D:2)
  4 rats
39 creatures vanquished.

Vanquished Creatures (others)
  A plant (D:1)
1 creature vanquished.

Grand Total: 40 creatures vanquished

Notes
Turn   | Place    | Note
-------+----------+-------------------------------------------
     0 | D:1      | zeram the Octopode Enchanter began the quest for the Orb.
     0 | D:1      | Reached XP level 1. HP: 11/11 MP: 3/3
     2 | D:1      | Noticed a demonspawn
     2 | D:1      | Noticed a demigod
     4 | D:1      | Noticed a palentonga
     4 | D:1      | Noticed a merfolk
     6 | D:1      | Noticed a vampire
     9 | D:1      | Noticed a barachi
    11 | D:1      | Noticed an ogre
    11 | D:1      | Noticed a spriggan
    13 | D:1      | Noticed a tengu
    13 | D:1      | Noticed a minotaur
    15 | D:1      | Noticed a felid
    15 | D:1      | Noticed a naga
    17 | D:1      | Noticed a dwarf
    17 | D:1      | Noticed a draconian
    19 | D:1      | Noticed a djinni
    19 | D:1      | Noticed a formicid
    21 | D:1      | Noticed a gargoyle
    23 | D:1      | Noticed an octopode
    23 | D:1      | Noticed a vine stalker
    25 | D:1      | Noticed a human
    25 | D:1      | Noticed a troll
    27 | D:1      | Noticed a ghoul
    27 | D:1      | Noticed an elf
   156 | D:1      | Reached XP level 2. HP: 14/17 MP: 5/5
   215 | D:1      | Reached skill level 5 in Stealth
   593 | D:1      | Reached XP level 3. HP: 21/21 MP: 6/6
   602 | D:1      | Found a faded altar of an unknown god.
   803 | D:2      | Found a broken altar of Ashenzari.
   845 | D:2      | Reached skill level 6 in Stealth
  1129 | D:1      | Learned a level 2 spell: Ensorcelled Hibernation
  1503 | D:2      | Reached XP level 4. HP: 24/27 MP: 7/7
  1672 | D:2      | Found Ymyucuca's Antique Armour Emporium.
  1924 | D:3      | Noticed a phantom
  1938 | D:3      | HP: 1/27 [phantom (5)]
  1940 | D:3      | Slain by a phantom

Illustrated notes

Levels and vault maps discovered:
D:1:      kb_arrival_jail, layout_basic, shapermc_ecumenical_altar_gd,
          amcnicky_mini_rare_corridor_liquid
D:2:      layout_rooms, serial_shops, nicolae_square_shop, basic_altar
D:3:      layout_loops_ring, old_standard_altar, serial_shops,
          nicolae_diamond_shop, minmay_misc_feat_chi

Skill      XL: |  1  2  3 |
---------------+----------+-----
Stealth        | 5 6 |  6.9
Short Blades   | |  1.0
Dodging        | |  2.0
Spellcasting   | |  2.0
Hexes          | |  3.0

Action                   |  1- 3 |  4- 6 || total
-------------------------+-------+-------++-------
Melee: Dagger            |    71 |    22 ||    93
       Tentacles         |    15 |     3 ||    18
       Constrict         |    14 |     3 ||    17
  Use: Scroll            |     6 |       ||     6
       Potion            |       |     2 ||     2
 Stab: Sleeping          |    16 |     2 ||    18
Armor: Skin              |    13 |     7 ||    20
Dodge: Dodged            |    33 |    18 ||    51
